 Dungeon Crawl Stone Soup version 0.30-a0-600-gb7c8574 (webtiles) character file.

Game seed: 7120426212943897437

115262 jagoly the Marksdraconian (level 16, -3/211 HPs)
             Began as a Yellow Draconian Hexslinger on Jan 6, 2023.
             Was a High Priest of Lugonu.
             Slain by a wolf spider (15 damage)
             ... on level 3 of the Spider Nest on Jan 7, 2023.
             The game lasted 04:49:35 (38557 turns).

jagoly the Marksdraconian (DrHs)                   Turns: 38557, Time: 04:49:35

Health: -3/211     AC: 28    Str: 14      XL:     16   Next: 18%
Magic:  25/25      EV:  2    Int: 14      God:    Lugonu [*****.]
Gold:   1535       SH:  5    Dex: 17 (24) Spells: 10/19 levels left

rFire   . . .      SeeInvis .    e - +4 demon blade (flame)
rCold   . . .      Faith    .    (no shield)
rNeg    . . .      Spirit   .    (body armour unavailable)
rPois   +          Reflect  +    (helmet currently unavailable)
rElec   .          Harm     .    (cloak currently unavailable)
rCorr   .          Rampage  .    (gloves currently unavailable)
Will    +....      NoTele   +    (boots currently unavailable)
Stlth   +++                      Y - amulet of reflection
HPRegen 0.55/turn                D - +6 ring of dexterity
MPRegen 0.19/turn                x - ring of poison resistance

@: mighty, tree-form (expiring), on berserk cooldown, slowed, studying Short
Blades, very slow
A: stationary, stasis, torment immunity, boosted hp, (spit acid), AC +9,
unfitting armour, (acidic bite), (cold-blooded), (acid resistance)
a: Renounce Religion, Depart the Abyss, Banish, Corrupt, Enter the Abyss


You were on level 3 of the Spider Nest.
You worshipped Lugonu.
Lugonu was extremely pleased with you.
You were a tree.
You visited 5 branches of the dungeon, and saw 27 of its levels.
You also visited: Ossuary, Gauntlet and Ice Cave.

You collected 2663 gold pieces.
You spent 1128 gold pieces at shops.

Inventory:

Hand Weapons
 a - a +8 longbow
 b - a +2 dagger of draining
 e - a +4 demon blade of flaming (weapon)
 w - a +1 shortbow of draining
Missiles
 B - 16 poisoned darts
 E - 5 javelins
 G - 26 boomerangs
Armour
 c - a +0 cloak (melded)
 H - a +0 hat (melded)
 R - a +2 pair of boots (melded)
 U - a +0 pair of gloves (melded)
Jewellery
 o - a +6 ring of dexterity
 x - a ring of poison resistance (right branch)
 D - a +6 ring of dexterity (left branch)
 K - an amulet of the acrobat
 V - a ring of fire
 W - a ring of positive energy
 Y - an amulet of reflection (around neck)
Wands
 m - a wand of quicksilver (12)
 F - a wand of flame (8)
 J - a wand of iceblast (11)
 Q - a wand of paralysis (6)
 X - a wand of mindburst (15)
Scrolls
 f - 2 scrolls of blinking
 h - 7 scrolls of fog
 i - 8 scrolls of immolation
 j - 4 scrolls of magic mapping
 p - 4 scrolls of vulnerability
 q - 4 scrolls of poison
 s - 4 scrolls of silence
 u - 4 scrolls of teleportation
 z - a scroll of fear
 C - 4 scrolls of torment
 M - a scroll of brand weapon
 N - 10 scrolls of identify
Potions
 d - 8 potions of might
 g - 7 potions of mutation
 k - 2 potions of invisibility
 l - 8 potions of brilliance
 r - 2 potions of resistance
 t - a potion of ambrosia
 v - a potion of flight
 y - 2 potions of haste
 A - 2 potions of berserk rage
 I - a potion of magic
 L - 2 potions of lignification
 P - 5 potions of attraction
 S - a potion of cancellation
 T - a potion of heal wounds
 Z - 11 potions of curing
Miscellaneous
 n - a condenser vane (inert)
 O - a lightning rod (3/4)


   Skills:
 + Level 12.8 Fighting
 - Level 8.0 Short Blades
 + Level 17.1 Ranged Weapons
 + Level 9.8 Dodging
 - Level 4.0 Stealth
 - Level 2.0 Spellcasting
 + Level 9.8 Hexes
 - Level 2.0 Translocations
 - Level 12.0 Invocations
 + Level 4.2 Evocations


You had 10 spell levels left.
You knew the following spells:

 Your Spells              Type           Power      Damage    Failure   Level
a - Slow                  Hex            100%       N/A       1%          1
b - Confusing Touch       Hex            28%        N/A       1%          3
f - Cause Fear            Hex            14%        N/A       4%          4
q - Apportation           Tloc           14%        N/A       11%         1

Your spell library contained the following spells:

 Spells                   Type           Power      Damage    Failure   Level
 Portal Projectile        Hex/Tloc       34%        N/A       6%          3
 Inner Flame              Hex/Fire       15%        N/A       10%         3
 Kiss of Death            Conj/Necr      4%         2d5       24%         1
 Magic Dart               Conj           4%         1d3       24%         1
 Necrotise                Necr           4%         1d4       24%         1
 Summon Small Mammal      Summ           4%         N/A       24%         1
 Fulminant Prism          Conj/Hex       7%         3d6       32%         4
 Searing Ray              Conj           2%         2d4       34%         2
 Kindle Blastsparks       Fire/Tloc/Air  6%         2d10      50%         3
 Mephitic Cloud           Conj/Pois/Air  1%         N/A       56%         3
 Metabolic Englaciation   Hex/Ice        7%         N/A       65%         5
 Yara's Violent Unravell  Hex/Tmut       7%         3d5       65%         5
 Iskenderun's Mystic Bla  Conj/Tloc      4%         2d3       83%         4
 Dispel Undead            Necr           1%         3d6       93%         4
 Flame Wave               Conj/Fire      1%         2d4       93%         4
 Petrify                  Tmut/Erth      1%         N/A       93%         4
 Sticky Flame             Conj/Fire      1%         2d3       93%         4
 Alistair's Intoxication  Tmut/Pois      0%         N/A       100%        5
 Freezing Cloud           Conj/Ice/Air   0%         6-21      100%        5
 Lee's Rapid Deconstruct  Erth           0%         3d4*      100%        5
 Simulacrum               Ice/Necr       0%         N/A       100%        6
 Statue Form              Tmut/Erth      0%         N/A       100%        6
 Discord                  Hex            14%        N/A       100%        8
 Polar Vortex             Ice            0%         N/A       100%        9


Dungeon Overview and Level Annotations

Branches:
Dungeon (15/15) Zot: 24455  Temple (0/1) D:5            Lair (5/5) D:8 Zot: 22453
 Shoals (1/4) Lair:2 Zot: 11202  Spider (3/4) Lair:3 Zot: 13104   Slime (0/5) Lair:4
    Orc (2/2) D:12 Zot: 9349     Elf (0/3) Orc:2        Vaults (0/5) D:14
 Depths (0/4) D:15        Ossuary (visited)           IceCv (visited)
Gauntlet (visited)

Altars:
Ashenzari
Dithmenos
Elyvilon
Fedhas
Hepliaklqana
Kikubaaqudgha
Qazlal
Trog
Wu Jian
Xom
Zin
Jiyva
Lugonu

Shops:
D:9 ?   D:10 [   D:11 ((*?(   D:12 (   Orc:1 ?[*!   Orc:2 **![

Annotations:
D:7 1 runed translucent door, OSAMASBALLS's ghost, novice DgCj
D:14 3 runed translucent doors, Kave's ghost, journeyman TrTm
Lair:3 Urug
Lair:5 corrupted
Shoals:1 exclusion: alligator snapping turtle
Spider:1 corrupted
Spider:2 3 runed translucent doors, Asterion; Bymnifu's ghost, adept DjAE; Donald; Efacun's ghost, adept VSFi; Eppoasysk's ghost, journeyman VSWn
Orc:2 corrupted
Abyss:1 Azrael; Snorg


Innate Abilities, Weirdness & Mutations

You are a tree.
Your roots penetrate the ground, keeping you stationary.
You cannot be teleported.
You are immune to unholy pain and torment.
Your maximum health is greatly increased.
Your equipment is partially melded.
((You can spit globs of acid.))
((Your golden yellow scales are hard. (AC +9)))
You cannot fit into any form of body armour.
((You have acidic saliva.))
((You are cold-blooded and may be slowed by cold attacks.))
((You are resistant to acid. (rCorr)))


Message History

You shoot an arrow. The arrow hits the radroach!
The radroach is heavily wounded.
You shoot an arrow. The arrow hits the radroach!!
The radroach is severely wounded.
You shoot an arrow. The arrow hits the radroach.
The radroach is almost dead.
You shoot an arrow.
The arrow hits the radroach but does no damage.
The radroach is almost dead.
You shoot an arrow.
The arrow hits the radroach but does no damage.
The radroach is almost dead.
Cast which spell? (? or * to list)
Okay, then.
You shoot an arrow. The arrow hits the radroach!
The radroach is almost dead.
The radroach completely misses you.
The radroach claws you but does no damage.
You shoot an arrow. The arrow hits the radroach!
You kill the radroach!
Lugonu accepts your kill.
A boulder beetle comes into view.
You shoot an arrow. The arrow hits the boulder beetle.
The boulder beetle is lightly wounded.
You shoot an arrow. The arrow hits the boulder beetle.
The boulder beetle is lightly wounded.
You shoot an arrow.
The arrow hits the boulder beetle but does no damage.
The boulder beetle is lightly wounded.
You shoot an arrow. The arrow hits the boulder beetle!!
The boulder beetle is moderately wounded.
The boulder beetle curls into a ball and begins rolling!
You shoot an arrow. The arrow hits the boulder beetle!
The boulder beetle is heavily wounded.
You shoot an arrow. The arrow hits the boulder beetle!
The boulder beetle is heavily wounded.
You shoot an arrow.
The arrow hits the boulder beetle but does no damage.
The boulder beetle is heavily wounded.
The boulder beetle misses you.
The boulder beetle stops rolling and uncurls.
You shoot an arrow.
The arrow hits the boulder beetle but does no damage.
The boulder beetle is heavily wounded.
The boulder beetle closely misses you.
You shoot an arrow.
The arrow hits the boulder beetle but does no damage.
The boulder beetle is heavily wounded.
The boulder beetle misses you.
You shoot an arrow. The arrow hits the boulder beetle!
The boulder beetle is severely wounded.
You shoot an arrow.
The arrow hits the boulder beetle but does no damage.
The boulder beetle is severely wounded.
The boulder beetle bites you but does no damage.
You shoot an arrow.
The arrow hits the boulder beetle but does no damage.
The boulder beetle is severely wounded.
The boulder beetle barely misses you.
You shoot an arrow. The arrow hits the boulder beetle.
The boulder beetle is severely wounded.
The boulder beetle barely misses you.
You shoot an arrow. The arrow hits the boulder beetle!
The boulder beetle is almost dead.
You block the boulder beetle's attack.
You shoot an arrow.
The arrow hits the boulder beetle but does no damage.
The boulder beetle is almost dead.
The boulder beetle closely misses you.
You shoot an arrow.
The arrow barely misses the boulder beetle.
You shoot an arrow.
The arrow hits the boulder beetle but does no damage.
The boulder beetle is almost dead.
The boulder beetle bites you!
You shoot an arrow.
The arrow hits the boulder beetle but does no damage.
The boulder beetle is almost dead.
The boulder beetle leaps!
You shoot an arrow. The arrow hits the boulder beetle!!
You kill the boulder beetle!
Lugonu accepts your kill.
Your lightning rod (3/4) has regained one charge.
No target in view!
Z - 10 potions of curing (gained 1)
You now have 1535 gold pieces (gained 23).
u - 4 scrolls of teleportation (gained 1)
Z - 11 potions of curing (gained 1)
Found a stone staircase leading down.
Found a stone staircase leading down.
A jumping spider comes into view.
The jumping spider's many legs skitter faintly.
You hear a faint skittering sound.
You hear a hideous shriek!
The jumping spider leaps!
You shoot an arrow. The arrow hits the jumping spider!!
The jumping spider is severely wounded.
You hear a faint skittering sound.
The jumping spider pounces on you but does no damage.
The jumping spider bites you but does no damage.
A jumping spider comes into view.
You shoot an arrow. The arrow hits the jumping spider!!
You kill the jumping spider!
Lugonu accepts your kill.
You hear a hideous shriek!
A jumping spider comes into view.
The jumping spider's many legs skitter faintly.
You shoot an arrow. The arrow hits the jumping spider.
The jumping spider is lightly wounded.
You hear a faint skittering sound.
The jumping spider completely misses you.
You block the jumping spider's attack.
You shoot an arrow. The arrow hits the jumping spider!
The jumping spider is severely wounded.
A demonic crawler comes into view.
The jumping spider completely misses you.
The jumping spider barely misses you.
Clouds of negative energy condense around you!
The condenser dries out!
The jumping spider is engulfed in negative energy.
You kill the jumping spider!
Lugonu accepts your kill.
The jumping spider is engulfed in negative energy.
The jumping spider pounces on you but does no damage.
You block the jumping spider's attack.
The jumping spider is engulfed in negative energy.
The jumping spider pounces on you but does no damage.
The jumping spider barely misses you. The demonic crawler misses you.
The demonic crawler hits you but does no damage.
The demonic crawler hits you!
Press: ? - help, v - describe, . - travel
Here: a demonic crawler (negative energy)
The floor.
Unknown command.
Fire: a) +8 longbow
Press: ? - help, Q - select action, (/) - cycle Shift-Dir - straight line, f - demonic crawler
Aim: a demonic crawler (negative energy, 84% to hit)
You shoot an arrow. The arrow hits the demonic crawler!!
The demonic crawler is moderately wounded.
A culicivora comes into view.
The jumping spider is engulfed in negative energy.
You kill the jumping spider!
Lugonu accepts your kill.
The demonic crawler hits you but does no damage.
The demonic crawler misses you. The demonic crawler barely misses you.
Fire: a) +8 longbow
Press: ? - help, Q - select action, (/) - cycle Shift-Dir - straight line, f - culicivora, p - demonic crawler
Aim: a culicivora (negative energy, 63% to hit)
You shoot an arrow. The arrow hits the demonic crawler!
The demonic crawler is heavily wounded.
The culicivora is engulfed in negative energy.
The demonic crawler barely misses you.
The demonic crawler hits you but does no damage.
The demonic crawler hits you!
The culicivora is engulfed in negative energy.
Fire: a) +8 longbow
Press: ? - help, Q - select action, (/) - cycle Shift-Dir - straight line, f/p - culicivora
Aim: a culicivora (negative energy, heavily wounded, lightly drained, 63% to hit)
You shoot an arrow.
The arrow hits the demonic crawler but does no damage.
The demonic crawler is moderately wounded.
A redback comes into view.
The demonic crawler hits you! You block the demonic crawler's attack.
The demonic crawler closely misses you.
The culicivora is engulfed in negative energy.
Fire: a) +8 longbow
Press: ? - help, Q - select action, (/) - cycle Shift-Dir - straight line, f - demonic crawler, p - culicivora
Aim: a demonic crawler (negative energy, lightly wounded, 84% to hit)
You shoot an arrow.
The arrow barely misses the demonic crawler.
The redback is engulfed in negative energy.
The culicivora is engulfed in negative energy.
You kill the culicivora!
Lugonu accepts your kill. The demonic crawler hits you!
The demonic crawler barely misses you. The demonic crawler misses you.
Fire: a) +8 longbow
Press: ? - help, Q - select action, (/) - cycle Shift-Dir - straight line, f/p - demonic crawler
Aim: a demonic crawler (negative energy, 84% to hit)
You shoot an arrow. The arrow hits the demonic crawler!
The demonic crawler is moderately wounded.
The redback is engulfed in negative energy.
You block the demonic crawler's attack. The demonic crawler hits you!
The demonic crawler hits you.
The redback is engulfed in negative energy.
You kill the redback!
Lugonu accepts your kill.
Cast which spell? (? or * to list)
Okay, then.
Fire: a) +8 longbow
Press: ? - help, Q - select action, (/) - cycle Shift-Dir - straight line, f/p - demonic crawler
Aim: a demonic crawler (negative energy, lightly wounded, 84% to hit)
Okay, then.
Unknown command.
You are studying Short Blades.
Your movement speed is average.
Your attack delay is about 0.8.
Your damage rating with your +8 longbow is about 30 (Base 12 x 117% (Dex) x 162% (Skill) + 8 (Ench)).
Your base attributes are Str 14, Int 14, Dex 18.
Unknown command.
Unknown command.
Unknown command.
Really quaff the potion of lignification?
You turn into a tree.
Your +0 cloak melds into your body.
Your +0 hat melds into your body.
Your +0 pair of gloves melds into your body.
Your +2 pair of boots melds into your body.
Your roots penetrate the ground.
The demonic crawler hits you but does no damage.
The demonic crawler completely misses you.
The demonic crawler hits you but does no damage.
You block the demonic crawler's attack.
The demonic crawler hits you but does no damage. x2
Unknown command.
Okay, then.
Okay, then.
Your +4 demon blade of flaming bursts into flame!
e - a +4 demon blade of flaming (weapon)
You feel very mighty all of a sudden.
The demonic crawler hits you but does no damage. x2
The demonic crawler hits you. You block the demonic crawler's attack.
The demonic crawler hits you but does no damage. x2
You slash the demonic crawler! You burn the demonic crawler.
The demonic crawler is moderately wounded.
The demonic crawler hits you but does no damage. x2
The demonic crawler hits you.
You slash the demonic crawler! You burn the demonic crawler.
The demonic crawler is moderately wounded.
The demonic crawler hits you but does no damage.
The demonic crawler hits you!
The demonic crawler hits you but does no damage.
You hit the demonic crawler. You burn the demonic crawler.
The demonic crawler is lightly wounded.
You block the demonic crawler's attack.
The demonic crawler hits you but does no damage.
You block the demonic crawler's attack. The demonic crawler hits you.
The demonic crawler hits you but does no damage. x2
You slash the demonic crawler! You burn the demonic crawler.
The demonic crawler is moderately wounded.
The demonic crawler hits you but does no damage.
You block the demonic crawler's attack.
The demonic crawler hits you but does no damage.
You slash the demonic crawler! You burn the demonic crawler.
The demonic crawler is heavily wounded.
The demonic crawler hits you. You block the demonic crawler's attack.
The demonic crawler hits you but does no damage.
You barely miss the demonic crawler.
The demonic crawler is moderately wounded.
The demonic crawler hits you.
The demonic crawler hits you but does no damage.
The demonic crawler hits you.
You block the demonic crawler's attack. x2
The demonic crawler hits you but does no damage.
You barely miss the demonic crawler.
The demonic crawler hits you but does no damage.
You block the demonic crawler's attack. x2
You slash the demonic crawler! You burn the demonic crawler.
The demonic crawler is lightly wounded.
You block the demonic crawler's attack.
The demonic crawler hits you but does no damage. x2
The demonic crawler hits you.
The demonic crawler hits you but does no damage.
The demonic crawler hits you!
You slash the demonic crawler! You burn the demonic crawler.
The demonic crawler is lightly wounded.
The demonic crawler hits you but does no damage. x3
You slash the demonic crawler! You burn the demonic crawler.
The demonic crawler is moderately wounded.
The demonic crawler hits you. x2
The demonic crawler hits you but does no damage.
You slash the demonic crawler! You burn the demonic crawler.
The demonic crawler is moderately wounded.
You block the demonic crawler's attack.
The demonic crawler hits you but does no damage. x4
You block the demonic crawler's attack.
You barely miss the demonic crawler.
The demonic crawler is lightly wounded.
The demonic crawler hits you but does no damage.
You block the demonic crawler's attack. The demonic crawler hits you.
You slice the demonic crawler!! You burn the demonic crawler!
The demonic crawler is heavily wounded.
The demonic crawler hits you but does no damage.
You block the demonic crawler's attack.
The demonic crawler hits you but does no damage.
The demonic crawler hits you!
* * * LOW HITPOINT WARNING * * *
You block the demonic crawler's attack.
The demonic crawler hits you but does no damage.
You hit the demonic crawler but do no damage.
The demonic crawler is lightly wounded.
The demonic crawler hits you.
* * * LOW HITPOINT WARNING * * *
The demonic crawler hits you but does no damage.
You block the demonic crawler's attack.
You slash the demonic crawler! You burn the demonic crawler.
The demonic crawler is moderately wounded.
The demonic crawler hits you but does no damage.
You block the demonic crawler's attack. The demonic crawler hits you.
* * * LOW HITPOINT WARNING * * *
You hit the demonic crawler. You burn the demonic crawler.
The demonic crawler is moderately wounded.
You block the demonic crawler's attack. The demonic crawler hits you!
* * * LOW HITPOINT WARNING * * *
The demonic crawler hits you but does no damage. x3
You block the demonic crawler's attack.
Okay, then.
Unknown command.
Unknown command.
Okay, then.
You are mighty.
You are a tree.
You are studying Short Blades.
Your movement speed is average.
Your attack delay is about 1.0.
Your damage rating with your +4 demon blade of flaming is about 24 (Base 13 x 117% (Dex) x 132% (Skill) + 4 (Ench)).
Your base attributes are Str 14, Int 14, Dex 18.
Unknown command.
Hit: e) +4 demon blade (flame)
Press: ? - help, Dir - move target, f/p - demonic crawler
Aim: a demonic crawler (negative energy, about 20% to evade your +4 demon blade of flaming)
You slash the demonic crawler! You burn the demonic crawler.
The demonic crawler is moderately wounded.
The demonic crawler hits you but does no damage. x2
You block the demonic crawler's attack.
Hit: e) +4 demon blade (flame)
Press: ? - help, Dir - move target, f/p - demonic crawler
Aim: a demonic crawler (lightly wounded, about 20% to evade your +4 demon blade of flaming)
You slash the demonic crawler! You burn the demonic crawler.
The demonic crawler is moderately wounded.
The demonic crawler hits you but does no damage.
The demonic crawler hits you.
* * * LOW HITPOINT WARNING * * *
The demonic crawler hits you but does no damage.
The demonic crawler barely misses you.
The demonic crawler completely misses you.
The demonic crawler hits you but does no damage.
Hit: e) +4 demon blade (flame)
Press: ? - help, Dir - move target, f/p - demonic crawler
Aim: a demonic crawler (about 20% to evade your +4 demon blade of flaming)
You slash the demonic crawler! You burn the demonic crawler.
The demonic crawler is moderately wounded.
The demonic crawler hits you but does no damage.
The demonic crawler hits you.
* * * LOW HITPOINT WARNING * * *
The demonic crawler hits you but does no damage.
Hit: e) +4 demon blade (flame)
Press: ? - help, Dir - move target, f/p - demonic crawler
Aim: a demonic crawler (lightly wounded, about 20% to evade your +4 demon blade of flaming)
You hit the demonic crawler. You burn the demonic crawler.
The demonic crawler is moderately wounded.
The demonic crawler hits you but does no damage. x2
The demonic crawler hits you.
* * * LOW HITPOINT WARNING * * *
Hit: e) +4 demon blade (flame)
Press: ? - help, Dir - move target, f/p - demonic crawler
Aim: a demonic crawler (lightly wounded, about 20% to evade your +4 demon blade of flaming)
You hit the demonic crawler but do no damage.
The demonic crawler is lightly wounded.
You block the demonic crawler's attack.
The demonic crawler hits you but does no damage. x5
Unknown command.
Okay, then.
Unknown command.
Press: ? - help, v - describe, . - travel
Here: a demonic crawler The floor.
Okay, then.
Okay, then.
Press: ? - help, v - describe, . - travel
Here: a demonic crawler The floor.
Unknown command.
You are mighty.
You are a tree.
You are studying Short Blades.
Your movement speed is average.
Your attack delay is about 1.0.
Your damage rating with your +4 demon blade of flaming is about 24 (Base 13 x 117% (Dex) x 132% (Skill) + 4 (Ench)).
Your base attributes are Str 14, Int 14, Dex 18.
Unknown command.
Your +4 demon blade of flaming stops flaming.
a - a +8 longbow (weapon)
Okay, then.
You feel much better.
The demonic crawler hits you but does no damage. x2
You block the demonic crawler's attack.
The demonic crawler hits you but does no damage. x2
The demonic crawler hits you.
Do you really want to go berserk while wielding your +8 longbow?
Okay, then.
Your +4 demon blade of flaming bursts into flame!
e - a +4 demon blade of flaming (weapon)
A red film seems to cover your vision as you go berserk!
You feel yourself moving faster!
You feel mighty! The demonic crawler hits you.
The demonic crawler hits you but does no damage.
The demonic crawler hits you!
* * * LOW HITPOINT WARNING * * *
The demonic crawler hits you but does no damage.
You block the demonic crawler's attack. x2
You slash the demonic crawler! You burn the demonic crawler.
The demonic crawler is moderately wounded.
The demonic crawler hits you but does no damage.
The demonic crawler hits you!
* * * LOW HITPOINT WARNING * * *
The demonic crawler hits you but does no damage.
You barely miss the demonic crawler.
The demonic crawler is lightly wounded.
You barely miss the demonic crawler.
The demonic crawler is lightly wounded.
The demonic crawler hits you but does no damage. x3
You slash the demonic crawler! You burn the demonic crawler.
The demonic crawler is moderately wounded.
The demonic crawler hits you but does no damage. x3
You barely miss the demonic crawler.
The demonic crawler is lightly wounded.
The demonic crawler hits you.
* * * LOW HITPOINT WARNING * * *
The demonic crawler hits you but does no damage. x2
A wolf spider comes into view.
The wolf spider's many legs skitter.
You hit the demonic crawler. You burn the demonic crawler.
The demonic crawler is lightly wounded.
You block the demonic crawler's attack.
The demonic crawler hits you but does no damage.
The demonic crawler hits you!
* * * LOW HITPOINT WARNING * * *
You slash the demonic crawler! You burn the demonic crawler.
The demonic crawler is lightly wounded.
You block the demonic crawler's attack.
The demonic crawler hits you but does no damage.
You block the demonic crawler's attack.
You barely miss the demonic crawler.
The demonic crawler hits you but does no damage. x3
You slice the demonic crawler!! You burn the demonic crawler.
You punch the demonic crawler, but do no damage.
The demonic crawler is heavily wounded.
The demonic crawler hits you but does no damage.
The demonic crawler hits you!
* * * LOW HITPOINT WARNING * * *
The demonic crawler barely misses you.
You slash the demonic crawler! You burn the demonic crawler.
The demonic crawler is severely wounded.
Your transformation is almost over.
The wolf spider hits you.
* * * LOW HITPOINT WARNING * * *
The wolf spider bites you but does no damage.
The demonic crawler hits you but does no damage.
You block the demonic crawler's attack.
The demonic crawler hits you but does no damage.
You hit the demonic crawler. You burn the demonic crawler.
The demonic crawler is heavily wounded.
The wolf spider hits you but does no damage.
The wolf spider bites you but does no damage.
The demonic crawler hits you!
* * * LOW HITPOINT WARNING * * *
You block the demonic crawler's attack.
The demonic crawler hits you but does no damage.
You slash the demonic crawler! You burn the demonic crawler.
The demonic crawler is severely wounded.
The wolf spider hits you.
* * * LOW HITPOINT WARNING * * *
The wolf spider bites you but does no damage.
You barely miss the demonic crawler.
The demonic crawler is severely wounded.
The demonic crawler hits you but does no damage.
The demonic crawler hits you!
* * * LOW HITPOINT WARNING * * *
The demonic crawler hits you but does no damage.
The wolf spider hits you.
* * * LOW HITPOINT WARNING * * *
The wolf spider bites you but does no damage.
You barely miss the demonic crawler.
The demonic crawler is heavily wounded.
You are no longer berserk.
You are exhausted.
You feel yourself slow down. The demonic crawler hits you.
* * * LOW HITPOINT WARNING * * *
The demonic crawler hits you but does no damage. x2
The wolf spider hits you!
* * * LOW HITPOINT WARNING * * *
The wolf spider bites you but does no damage.
You barely miss the demonic crawler.
The demonic crawler is moderately wounded.
The wolf spider hits you but does no damage.
The wolf spider bites you!
* * * LOW HITPOINT WARNING * * *
The demonic crawler hits you.
* * * LOW HITPOINT WARNING * * *
The demonic crawler hits you but does no damage. x2
The wolf spider hits you but does no damage.
The wolf spider bites you but does no damage.
The demonic crawler hits you.
* * * LOW HITPOINT WARNING * * *
The demonic crawler hits you.
* * * LOW HITPOINT WARNING * * *
The demonic crawler hits you!
* * * LOW HITPOINT WARNING * * *
The wolf spider hits you!
* * * LOW HITPOINT WARNING * * *
You block the wolf spider's attack.
You feel much better. The demonic crawler barely misses you.
You block the demonic crawler's attack. The demonic crawler hits you!
* * * LOW HITPOINT WARNING * * *
The wolf spider hits you!
* * * LOW HITPOINT WARNING * * *
The wolf spider bites you but does no damage.
The demonic crawler hits you but does no damage. x3
The wolf spider hits you!
You die...

######## ############
^......###..........#
......##............#
......#.............#
...^..##............#
.......##......†....#
........#.......♣s..#
...............>.s..#
#..........#######..#
#..^......## ..#
##........# .#
#.....#..## ##
#....##### #^..##
#####


You could see a demonic crawler and a wolf spider.

Vanquished Creatures
  Mlioglotl (Spider:1)
  2 emperor scorpions
  A ghost moth (Spider:2)
  An orc warlord (Orc:2)
  A spark wasp (Spider:3)
  An entropy weaver (Spider:1)
  A fire dragon (D:13)
  Josephine (D:12)
  A rakshasa (D:13)
  A jorogumo (Spider:2)
  A merfolk avatar (Shoals:1)
  7 boulder beetles
  6 two-headed ogres
  9 centaur warriors
  A merfolk aquamancer (Shoals:1)
  2 catoblepae
  5 death yaks
  2 radroaches (Spider:3)
  2 tengu warriors
  A hell knight (D:15)
  2 orc high priests (Orc:2)
  A pharaoh ant (Spider:1)
  A fire crab (shapeshifter) (D:14)
  A sun moth (Spider:2)
  6 skeletal warriors
  A deep troll (D:15)
  3 sea snakes (Shoals:1)
  An orb spider (Spider:2)
  4 steelbarb worms
  2 goliath frogs (Lair:5)
  A lindwurm (Lair:4)
  7 deep elf pyromancers
  2 necromancers (D:15)
  3 orc knights
  3 orc sorcerers
  5 manticores
  5 ugly things
  6 wolf spiders
  8 cyclopes
  A moth of wrath (Spider:2)
  2 black mambas
  5 elephants (Lair:3)
  2 demonic crawlers
  Maggie (D:6)
  2 water nymphs (Shoals:1)
  3 torpor snails
  19 cane toads
  A rime drake (Lair:3)
  6 komodo dragons
  A rime drake (shapeshifter) (D:13)
  An ice devil (D:12)
  2 yaktaurs (D:14)
  4 tengu conjurers
  2 kobold demonologists
  A freezing wraith (D:14)
  11 trolls
  3 meliai (Spider:3)
  A wind drake (Shoals:1)
  A tyrant leech (Lair:5)
  Prince Ribbit (D:8)
  3 merfolk (Shoals:1)
  A queen bee (shapeshifter) (D:15)
  6 tarantellas
  24 blink frogs
  15 dream sheep
  A snapping turtle (Shoals:1)
  8 jumping spiders
  6 culicivoras
  A dire elephant simulacrum (IceCv)
  26 yaks
  2 shadows
  8 slime creatures
  Sigmund (D:5)
  5 wraiths
  6 water elementals (Shoals:1)
  2 vampires
  A hog (Shoals:1)
  Eustachio (D:6)
  3 wyverns
  4 fire elementals (D:12)
  3 basilisks
  A steam dragon (D:6)
  16 redbacks
  14 vampire mosquitoes
  4 wargs
  2 hell hounds (D:12)
  4 acid dragons
  7 water moccasins
  A swamp drake (Lair:1)
  3 ice beasts
  20 orc warriors
  2 sky beasts (D:7)
  2 black bears
  5 wolves
  12 ogres
  11 centaurs
  3 phantoms
  2 kobold brigands (D:10)
  9 bullfrogs
  7 scorpions
  3 two-headed ogre simulacra (IceCv)
  A water moccasin zombie (Ossuary)
  7 wights
  3 killer bees (D:7)
  8 electric eels
  5 howler monkeys (D:9)
  9 hounds
  2 jellies
  17 orc priests
  16 iguanas
  27 orc wizards
  A spriggan simulacrum (IceCv)
  A polar bear simulacrum (IceCv)
  A troll simulacrum (IceCv)
  3 centaur simulacra (D:8)
  A boggart simulacrum (D:13)
  2 mummies (Ossuary)
  4 gnolls (D:8)
  13 adders
  A naga simulacrum (IceCv)
  A river rat (D:4)
  A shadow imp (D:5)
  3 white imps (D:8)
  3 ufetubi
  2 adder zombies (Ossuary)
  5 worms
  A dart slug (D:2)
  62 orcs
  8 bats
  10 endoplasms
  5 giant cockroaches
  5 gnoll zombies (Ossuary)
  12 goblins
  7 hobgoblins
  2 jackals (D:1)
  5 quokkas
  8 ball pythons
  17 frilled lizards
  5 hobgoblin zombies (Ossuary)
  8 kobolds
  5 kobold zombies (Ossuary)
  7 orc zombies (Ossuary)
  10 rats
748 creatures vanquished.

Vanquished Creatures (others)
  An emperor scorpion (Spider:1)
  2 hydras (Lair:5)
  A jorogumo (Spider:1)
  3 orc high priests (Orc:2)
  A pharaoh ant (Spider:1)
  A goliath frog (Lair:5)
  An orb spider (Spider:1)
  A steelbarb worm (Spider:1)
  4 orc knights (Orc:2)
  3 wolf spiders (Spider:1)
  3 orc sorcerers (Orc:2)
  A torpor snail (Lair:5)
  2 cane toads (Lair:5)
  2 komodo dragons (Lair:5)
  3 tarantellas (Spider:1)
  A tyrant leech (Lair:5)
  A polar bear (Lair:5)
  11 blink frogs (Lair:5)
  6 jumping spiders (Spider:1)
  3 culicivoras (Spider:1)
  2 yaks (Lair:5)
  A vampire mosquito (Lair:5)
  17 redbacks (Spider:1)
  3 water moccasins (Lair:5)
  5 orc warriors (Orc:2)
  A bullfrog (Lair:5)
  4 orc priests (Orc:2)
  3 orc wizards
  A bush (Lair:5)
  4 foxfires (Lair:5)
  34 fungi
  135 plants
  13 starspawn tentacles
  3 withered plants (Gauntlet)
277 creatures vanquished.

Grand Total: 1025 creatures vanquished

Notes
Turn   | Place    | Note
-------+----------+-------------------------------------------
     0 | D:1      | jagoly the Draconian Hexslinger began the quest for the
                  | Orb.
     0 | D:1      | Reached XP level 1. HP: 16/16 MP: 2/2
   164 | D:1      | Reached skill level 2 in Ranged Weapons
   206 | D:1      | Reached XP level 2. HP: 23/23 MP: 3/3
   275 | D:1      | Reached skill level 1 in Stealth
   519 | D:1      | Found a hazy altar of Hepliaklqana.
   528 | D:1      | Reached XP level 3. HP: 28/28 MP: 4/4
   980 | D:2      | Found a faded altar of an unknown god.
  1348 | D:2      | Reached skill level 3 in Ranged Weapons
  1408 | D:2      | Reached XP level 4. HP: 35/35 MP: 5/5
  1711 | D:3      | Found a broken altar of Ashenzari.
  2619 | D:4      | Noticed an ogre
  2651 | D:4      | You fall into a shaft and drop 3 floors!
  2717 | D:7      | Noticed a sky beast
  2757 | D:7      | Noticed a sky beast
  2787 | D:6      | Found a sand-covered staircase.
  2792 | Ossuary  | Entered an ossuary
  2864 | Ossuary  | Reached skill level 4 in Ranged Weapons
  2864 | Ossuary  | Reached XP level 5. HP: 35/41 MP: 6/6
  3147 | D:6      | Reached XP level 6. HP: 15/51 MP: 7/7
  3291 | D:6      | Reached skill level 5 in Ranged Weapons
  3327 | D:5      | Entered Level 5 of the Dungeon
  3347 | D:5      | Found a shadowy altar of Dithmenos.
  4081 | D:4      | Your scales start taking on a golden yellow colour.
  4081 | D:4      | Reached XP level 7. HP: 57/57 MP: 8/8
  4081 | D:4      | Gained mutation: You are resistant to acid. (rCorr) [Yellow
                  | Draconian growth]
  4319 | D:5      | Found a white marble altar of Elyvilon.
  4479 | D:2      | Prayed at the altar of an unknown god.
  4479 | D:2      | Became a worshipper of Lugonu the Unformed
  4479 | D:2      | Reached * piety under Lugonu
  4541 | D:5      | Noticed Sigmund
  4607 | D:6      | Noticed Eustachio
  4659 | D:6      | Killed Eustachio
  4660 | D:6      | Reached skill level 6 in Ranged Weapons
  4792 | D:6      | Noticed a steam dragon
  4838 | D:6      | Killed a steam dragon
  4839 | D:6      | Reached skill level 7 in Ranged Weapons
  4839 | D:6      | Reached XP level 8. HP: 31/66 MP: 9/9
  5287 | D:6      | Noticed Maggie
  5830 | D:7      | Noticed a brown ugly thing
  5830 | D:7      | Noticed OSAMASBALLS's ghost (novice DgCj)
  5831 | D:7      | Found a runed translucent door.
  5954 | D:7      | Reached skill level 8 in Ranged Weapons
  6200 | D:7      | Found a bloodstained altar of Trog.
  6625 | D:8      | Reached XP level 9. HP: 66/73 MP: 10/10
  6628 | D:8      | Noticed Prince Ribbit
  6633 | D:8      | Reached skill level 5 in Fighting
  6807 | D:8      | Found a blossoming altar of Fedhas.
  6855 | D:8      | Reached ** piety under Lugonu
  6875 | D:8      | Reached skill level 9 in Ranged Weapons
  7040 | D:8      | Noticed a troll
  7600 | D:6      | Reached skill level 5 in Dodging
  7764 | D:5      | Reached skill level 10 in Ranged Weapons
  7958 | D:5      | Found a staircase to the Ecumenical Temple.
  8326 | D:5      | Killed Sigmund
  8516 | D:6      | Reached XP level 10. HP: 84/84 MP: 11/11
  8704 | D:6      | Found an ancient bone altar of Kikubaaqudgha.
  8714 | D:6      | Found an ornate altar of the Wu Jian Council.
  9398 | D:8      | Found a staircase to the Lair.
  9431 | D:8      | Killed Prince Ribbit
  9587 | D:8      | Noticed a death yak
  9733 | D:8      | Reached *** piety under Lugonu
 10029 | D:8      | Killed a death yak
 10030 | D:8      | Reached skill level 11 in Ranged Weapons
 10339 | D:9      | Found Zyrhir's Magic Scroll Shop.
 10405 | D:9      | Bought a scroll of fear for 48 gold pieces
 10405 | D:9      | Bought a scroll of enchant weapon for 90 gold pieces
 10405 | D:9      | Bought a scroll of identify for 24 gold pieces
 10405 | D:9      | Bought a scroll of identify for 24 gold pieces
 10405 | D:9      | Bought a scroll of identify for 24 gold pieces
 10476 | D:9      | Found a glowing silver altar of Zin.
 10565 | D:9      | Reached skill level 12 in Ranged Weapons
 10729 | D:9      | Found a stormy altar of Qazlal.
 10989 | D:9      | Reached XP level 11. HP: 95/95 MP: 12/12
 11134 | D:10     | Entered Level 10 of the Dungeon
 11488 | D:10     | Noticed a two-headed ogre
 11612 | D:10     | Found Voumianaph's Armour Emporium.
 11782 | D:10     | Killed a two-headed ogre
 11987 | D:10     | Identified the +0 robe of Ydenur {Harm rCorr}
 12204 | D:11     | Found Fuiqikh's Weapon Emporium.
 12339 | D:11     | Found Nomicha's Assorted Antiques.
 12933 | Lair:1   | Entered Level 1 of the Lair of Beasts
 12996 | Lair:1   | Found a gate leading to a gauntlet.
 13021 | Gauntlet | Entered a Gauntlet
 13021 | Gauntlet | Found a transporter.
 13021 | Gauntlet | Found a transporter.
 13021 | Gauntlet | Found a transporter.
 13025 | Gauntlet | Found a transporter.
 13025 | Gauntlet | Found a transporter.
 13027 | Gauntlet | Found a transporter.
 13035 | Gauntlet | Found a transporter.
 13035 | Gauntlet | Noticed a sixfirhy
 13039 | Gauntlet | Found a transporter.
 13046 | Gauntlet | Noticed a death scarab
 13046 | Gauntlet | Noticed a dire elephant
 13050 | Gauntlet | Noticed a death scarab
 13060 | Gauntlet | Found a transporter.
 13150 | Gauntlet | Found a transporter.
 13154 | Gauntlet | Found a transporter.
 13164 | Gauntlet | Found a transporter.
 13496 | Lair:1   | Reached **** piety under Lugonu
 14167 | Lair:2   | Reached skill level 10 in Fighting
 14167 | Lair:2   | Reached skill level 13 in Ranged Weapons
 14412 | Lair:2   | Found a staircase to the Shoals.
 15412 | Lair:2   | Reached skill level 14 in Ranged Weapons
 15589 | Lair:2   | Reached XP level 12. HP: 78/106 MP: 13/13
 15667 | Lair:3   | Noticed a death yak
 15684 | Lair:3   | Killed a death yak
 15763 | Lair:3   | Noticed a death yak
 15773 | Lair:3   | Noticed a death yak
 15783 | Lair:3   | Noticed a death yak
 15804 | Lair:5   | Entered Level 5 of the Lair of Beasts
 16014 | Lair:4   | Noticed a seven-headed hydra
 16146 | Lair:5   | Reached skill level 1 in Invocations
 16703 | Lair:3   | You fall into a shaft and drop 2 floors!
 16703 | Lair:5   | Noticed a catoblepas
 17189 | Lair:4   | Found a staircase to the Slime Pits.
 17189 | Lair:4   | Found a viscous altar of Jiyva.
 17301 | Lair:3   | Killed a death yak
 17302 | Lair:3   | Reached skill level 5 in Invocations
 17315 | Lair:3   | Killed a death yak
 17322 | Lair:3   | Killed a death yak
 17324 | Lair:3   | Reached ***** piety under Lugonu
 17515 | Lair:3   | Found a hole to the Spider Nest.
 17562 | Lair:3   | Noticed a six-headed hydra
 17753 | Lair:3   | Noticed Urug
 17810 | Lair:3   | Reached XP level 13. HP: 116/116 MP: 18/18
 18173 | Lair:3   | Reached skill level 15 in Ranged Weapons
 18557 | D:10     | Bought a +0 cloak for 63 gold pieces
 18785 | D:6      | Killed Maggie
 19200 | D:11     | Found Lepped's Weapon Boutique.
 19249 | D:11     | Found Dasat's Weapon Boutique.
 19485 | D:11     | Found Gutif's Magic Scroll Boutique.
 19493 | D:11     | Bought a scroll of teleportation for 33 gold pieces
 19493 | D:11     | Bought a scroll of poison for 44 gold pieces
 19493 | D:11     | Bought a scroll of identify for 22 gold pieces
 19905 | D:12     | Found Tuaxa's Antique Weapon Emporium.
 20019 | D:12     | Noticed Azrael
 20036 | D:12     | Banished Azrael
 20317 | D:12     | Found a frozen archway.
 20326 | IceCv    | Entered an ice cave
 20834 | D:12     | Found a staircase to the Orcish Mines.
 21188 | D:12     | Noticed Josephine
 21206 | D:12     | Killed Josephine
 21395 | D:13     | Reached skill level 10 in Invocations
 22418 | D:13     | Gained mutation: You have acidic saliva. [Yellow Draconian
                  | growth]
 22418 | D:13     | Reached XP level 14. HP: 114/125 MP: 19/21
 22530 | D:12     | Learned a level 3 spell: Confusing Touch
 22531 | Orc:1    | Entered Level 1 of the Orcish Mines
 22531 | Orc:1    | Found Ykeyjua's Antique Armour Emporium.
 22583 | Orc:1    | Found Edijotem's Magic Scroll Emporium.
 22813 | Orc:1    | Found Fumuwna's Distillery.
 22820 | Orc:1    | Bought a potion of invisibility for 88 gold pieces
 22820 | Orc:1    | Bought a potion of lignification for 33 gold pieces
 22820 | Orc:1    | Bought a potion of cancellation for 88 gold pieces
 22831 | Orc:1    | Found Roco's Assorted Antiques.
 23041 | Orc:1    | Reached skill level 1 in Short Blades
 23119 | Orc:1    | Paralysed by an orc sorcerer for 5 turns
 23263 | Orc:1    | Found a shimmering altar of Xom.
 23417 | Orc:2    | Entered Level 2 of the Orcish Mines
 23512 | Orc:2    | Found a staircase to the Elven Halls.
 23577 | Orc:2    | Reached skill level 5 in Hexes
 23858 | Orc:2    | Corrupted Orc:2
 23858 | Orc:2    | Noticed a cacodemon
 23864 | Orc:2    | Noticed a tentacled starspawn
 23864 | Orc:2    | Found Fevvatam's Armour Emporium.
 23865 | Orc:2    | Found Isozoc's Assorted Antiques.
 23889 | Orc:2    | Noticed a tentacled starspawn
 24108 | Orc:2    | Found Texeten's Distillery.
 24121 | Orc:2    | Found Warimup's Assorted Antiques.
 24283 | Orc:2    | Noticed an orc warlord
 24368 | Orc:2    | Bought a potion of haste for 100 gold pieces
 24380 | Orc:2    | Bought a scroll labelled ENAMNO HYPRYTHOLL for 36 gold
                  | pieces
 24491 | Orc:2    | Killed an orc warlord
 24835 | Orc:2    | Reached ****** piety under Lugonu
 25242 | Lair:3   | Learned a level 4 spell: Cause Fear
 26467 | Lair:5   | Corrupted Lair:5
 26467 | Lair:5   | Noticed a tentacled starspawn
 26467 | Lair:5   | Noticed a tentacled starspawn
 26863 | Lair:5   | Identified the +0 scale mail of Cyoqon {Fly rElec rPois
                  | Stlth+}
 27288 | D:13     | Reached skill level 16 in Ranged Weapons
 27315 | D:13     | Reached skill level 5 in Short Blades
 27817 | D:13     | Got the Almanac of the Welkin and Shaping
 28357 | D:14     | Noticed Kave's ghost (journeyman TrTm)
 28367 | D:14     | Found a runed translucent gate.
 28367 | D:14     | Found a runed translucent gate.
 28367 | D:14     | Found a runed translucent gate.
 28645 | D:14     | Reached XP level 15. HP: 132/132 MP: 23/23
 28769 | D:14     | Found a gate to the Vaults.
 29078 | D:14     | Noticed Snorg
 29086 | D:14     | Banished Snorg
 29735 | D:15     | Entered Level 15 of the Dungeon
 29898 | D:15     | Found a blossoming altar of Fedhas.
 30513 | D:15     | Found a staircase to the Depths.
 31672 | D:11     | Bought a scroll of enchant weapon for 82 gold pieces
 31672 | D:11     | Bought a scroll of enchant weapon for 82 gold pieces
 31761 | Orc:1    | Bought a scroll of enchant weapon for 97 gold pieces
 31837 | Orc:2    | Bought a potion of heal wounds for 50 gold pieces
 31837 | Orc:2    | Bought a potion of heal wounds for 50 gold pieces
 31837 | Orc:2    | Bought a potion of heal wounds for 50 gold pieces
 31837 | Orc:2    | Upgraded the game from 0.30-a0-596-g0af90f9 to
                  | 0.30-a0-600-gb7c8574
 32632 | Shoals:1 | Entered Level 1 of the Shoals
 32677 | Shoals:1 | Reached skill level 1 in Evocations
 32803 | Shoals:1 | Learned a level 1 spell: Apportation
 33123 | Shoals:1 | Reached skill level 1 in Translocations
 33516 | Spider:1 | Entered Level 1 of the Spider Nest
 33516 | Spider:1 | Noticed Mlioglotl
 33517 | Spider:1 | Corrupted Spider:1
 33517 | Spider:1 | Noticed a bone dragon
 33518 | Spider:1 | Noticed a tentacled starspawn
 33528 | Spider:1 | Noticed an Executioner
 33542 | Spider:1 | Killed Mlioglotl
 33549 | Spider:1 | Noticed a tentacled monstrosity
 33624 | Spider:1 | Killed an emperor scorpion
 34028 | Spider:1 | You fall into a shaft and drop 1 floor!
 34405 | Spider:1 | Noticed an emperor scorpion
 34458 | Spider:1 | Killed an emperor scorpion
 35437 | Spider:2 | Reached skill level 17 in Ranged Weapons
 35628 | Spider:2 | Found a runed translucent gate.
 35628 | Spider:2 | Found a runed translucent gate.
 35629 | Spider:2 | Found a runed translucent gate.
 35632 | Spider:2 | Noticed Efacun's ghost (adept VSFi)
 35632 | Spider:2 | Noticed Eppoasysk's ghost (journeyman VSWn)
 35632 | Spider:2 | Noticed Bymnifu's ghost (adept DjAE)
 35767 | Spider:2 | Noticed Asterion
 36013 | Spider:2 | Reached XP level 16. HP: 61/141 MP: 0/25
 36264 | Spider:2 | Noticed Donald
 38556 | Spider:3 | HP: 9/211 [wolf spider (16)]
 38557 | Spider:3 | Slain by a wolf spider

Illustrated notes

Levels and vault maps discovered:
D:1:      minmay_arrival_shattered_statue, layout_basic,
          chequers_serial_rivers_micro_a, kennysheep_nondescript,
          serial_park_tiny_1, minmay_hexomino_r4
D:2:      layout_rooms, nicolae_ecumenical_pavilion
D:3:      layout_loops_ring, mainiacjoe_overflow_paths, amethyst_killhole,
          minmay_hedge_maze, saegor_snake_ambush
D:4:      layout_loops_ring, portal_sewer_entry_e
D:5:      layout_basic, grunt_dithmenos_shadows, elyvilon_altar_5,
          temple_pool_b, minmay_crystal_room, uniq_sigmund
D:6:      minmay_inner_zag, layout_basic, amethyst_overflow_temple_binary,
          enter_ossuary_2, uniq_maggie, uniq_eustachio
D:7:      layout_gridville, mainiacjoe_overflow_alcove_2,
          ebering_ghost_inner_flame, minivault_27, nrook_loot_triangle
D:8:      layout_basic, mainiacjoe_overflow_tiny_flanked, erik_lair_island,
          serial_ice, serial_ice_b, serial_ice_d, serial_ice_l, serial_ice_n,
          kennysheep_decorative_pillar, uniq_prince_ribbit1
D:9:      layout_rooms, mainiacjoe_overflow_brackets,
          mainiacjoe_overflow_chevrons, serial_shops, nicolae_square_shop
D:10:     layout_roguey, serial_shops, nicolae_square_shop
D:11:     layout_basic, serial_shops, shop, shop,
          nicolae_shop_bloodbath_and_beyond, shop_fountains, shop
D:12:     layout_irregular_city, david_orc_4, portal_ice_cave_demonic_guard,
          serial_shops, shop_fountains, uniq_josephine, uniq_azrael
D:13:     minmay_the_grid_octo_tiled_squarecenter_mashed
          [minmay_the_grid_octo_teeth, minmay_the_grid_octo_clover,
          minmay_the_grid_octo_toaster, minmay_the_grid_octo_thin_diamonds,
          minmay_the_grid_square_5x5_megaprize_open,
          minmay_the_grid_square_5x5_corner, minmay_the_grid_square_5x5_spiral,
          minmay_the_grid_square_5x5_fat_x,
          minmay_the_grid_square_5x5_one_wall], layout_stronghold
D:14:     layout_grid_maze, david_vaults_2, maelrawn_ghost_gauntlet_escape,
          minmay_misc_feat_doors, minmay_statues_item, uniq_snorg
D:15:     hangedman_depths_entry_civil_slaughter, layout_basic, fedhas_altar_1
Lair:1:   lemuel_reptile_caves, layout_regular_city, gauntlet_entry_generic,
          minivault_23, serial_bayou_lake_a, lemuel_fruit_tree
Lair:2:   layout_concentric_octagons, minmay_shoals_entry_centaurs,
          grunt_megastairs_4, infiniplex_staircase_pool
Lair:3:   layout_roguey, nicolae_spider_entry_non_spiders,
          infiniplex_staircase_pool_2, grunt_megastairs_5, uniq_urug
Lair:4:   layout_layer_cave, minmay_slime_entry_pillars
Lair:5:   minmay_lair_end_frog_pond, layout_gridlike
Shoals:1: layout_shoals, uniq_kirke
Shoals:2: layout_shoals, serial_shops, shop,
          nicolae_shoals_beach_house_on_fowls_legs
Spider:1: layout_spider_delve, uniq_mlioglotl
Spider:2: layout_chambers, gammafunk_ghost_cemetery, uniq_donald, uniq_asterion
Spider:3: layout_spider_delve
Orc:1:    layout_caves, basic_altar, serial_shops, shop,
          nicolae_shop_hallway_plus, nicolae_shop_trees,
          nicolae_shop_advertising_works [nicolae_subvault_shop_adworks],
          nicolae_orc_stony_grotto
Orc:2:    st_orc_elflike, layout_diamond_mine, minmay_orc_temple_c

Skill      XL: |  1  2  3  4  5  6  7  8  9 10 11 12 13 14 15 16 |
---------------+-------------------------------------------------+-----
Ranged Weapons | 2 3 4 5 7 8 10 12 14 15 16 17 | 17.1
Stealth        | 1 2 3 4 |  4.0
Hexes          | 3 4 7 9 |  9.8
Fighting       | 2 3 4 6 8 10 11 12 | 12.8
Dodging        | 2 3 5 6 7 8 9 |  9.8
Invocations    | 7 10 11 12 | 12.0
Spellcasting   | 2 |  2.0
Short Blades   | 6 8 |  8.0
Evocations     | 3 4 |  4.2
Translocations | 2 |  2.0

Action                   |  1- 3 |  4- 6 |  7- 9 | 10-12 | 13-15 | 16-18 || total
-------------------------+-------+-------+-------+-------+-------+-------++-------
Melee: Long sword        |       |       |     3 |       |       |       ||     3
       Tailslap          |       |       |     2 |     5 |     4 |       ||    11
       Great sword       |       |       |       |    10 |       |       ||    10
       Dagger            |       |       |       |     6 |       |       ||     6
       Mace              |       |       |       |     8 |       |       ||     8
       Shortbow          |       |       |       |     1 |       |       ||     1
       Morningstar       |       |       |       |       |    10 |       ||    10
       Demon blade       |       |       |       |       |       |    36 ||    36
       Punch             |       |       |       |       |       |     1 ||     1
 Fire: Sling             |   189 |   371 |   199 |       |       |       ||   759
       Shortbow          |       |       |   248 |   988 |  1644 |       ||  2880
       Longbow           |       |       |       |       |   406 |   222 ||   628
Throw: Dart              |       |       |    20 |       |    28 |     7 ||    55
       Javelin           |       |       |     7 |       |       |       ||     7
       Stone             |       |       |       |    15 |       |       ||    15
 Cast: Slow              |     4 |     9 |     3 |     4 |       |       ||    20
       Cause Fear        |       |       |       |       |    16 |    31 ||    47
       Apportation       |       |       |       |       |     5 |       ||     5
Invok: Banish            |       |       |       |       |    12 |     2 ||    14
       Corrupt           |       |       |       |       |     3 |       ||     3
 Abil: Breathe Acid      |       |       |     5 |     8 |     5 |     6 ||    24
Evoke: Wand              |       |       |       |       |     8 |     1 ||     9
       Lightning rod     |       |       |       |       |     7 |       ||     7
       Condenser vane    |       |       |       |       |     1 |     1 ||     2
  Use: Scroll            |     2 |     9 |     5 |    20 |    19 |     3 ||    58
       Potion            |       |     2 |     3 |     9 |    10 |     6 ||    30
Armor: Skin              |    22 |    92 |   114 |    87 |   295 |   187 ||   797
Dodge: Dodged            |    42 |   121 |   203 |   342 |   853 |   203 ||  1764
Block: Other             |       |       |       |       |   128 |    96 ||   224
       Reflection        |       |       |       |       |     5 |       ||     5

Table legend: (Time is in decaauts)
 A = Elapsed time spent in this place.
 B = Non-inter-level travel time spent in this place.
 C = Inter-level travel time spent in this place.
 D = Time resting spent in this place.
 E = Time spent auto-exploring this place.
 F = Levels seen in this place.
 G = Mean time per level.
                   A        B        C        D        E       F      G
               +--------+--------+--------+--------+--------+-----+--------+
         Total |  38256 |  34413 |   3843 |   4475 |  20491 |  30 | 1275.2 |
       Dungeon |  21865 |  19222 |   2643 |   2036 |  11793 |  15 | 1457.7 |
          Lair |   7268 |   6739 |    529 |    974 |   3957 |   5 | 1453.6 |
        Shoals |    797 |    725 |     72 |    226 |    216 |   2 |  398.5 |
   Spider Nest |   4894 |   4677 |    217 |   1032 |   2673 |   3 | 1631.3 |
  Orcish Mines |   2650 |   2269 |    381 |     82 |   1662 |   2 | 1325.0 |
       Ossuary |    316 |    316 |      0 |     44 |     51 |   1 |  316.0 |
      Ice Cave |    299 |    299 |      0 |     80 |      0 |   1 |  299.0 |
      Gauntlet |    165 |    165 |      0 |      0 |    138 |   1 |  165.0 |
               +--------+--------+--------+--------+--------+-----+--------+

Top non-repeatable levels by time:
     D:7: 2977 daAuts
    D:13: 2233 daAuts
Spider:2: 2078 daAuts
    D:12: 1813 daAuts
   Orc:2: 1749 daAuts
    D:11: 1723 daAuts
  Lair:4: 1670 daAuts
    D:15: 1585 daAuts
  Lair:2: 1548 daAuts
     D:8: 1487 daAuts
  Lair:3: 1476 daAuts
    D:14: 1463 daAuts
Spider:3: 1444 daAuts
  Lair:5: 1401 daAuts
Spider:1: 1371 daAuts
